 Dungeon Crawl Stone Soup version 0.17-a0-2118-g63bad21 (webtiles) character file.

1793 4thArraOfDagon the Twirler (level 8, 0/96 HPs)
             Began as a Demonspawn Gladiator on Oct 20, 2015.
             Succumbed to Erica's bolt of poison
             ... on level 8 of the Dungeon.
             The game lasted 00:11:59 (2400 turns).

4thArraOfDagon the Twirler (Demonspawn Gladiator)   Turns: 2400, Time: 00:12:00

Health: 0/96       AC: 24    Str: 21    XL:     8   Next: 82%
Magic:  8/8        EV:  2    Int: 12    God:
Gold:   227        SH:  0    Dex: 20    Spells: 0 memorised, 7 levels left

rFire  . . .     SeeInvis .     o - +5 quarterstaff (chaos)
rCold  . . .     Clarity  .     (armour currently unavailable)
rNeg   + + +     SustAt   .     (no shield)
rPois  +         Gourm    .     (helmet currently unavailable)
rElec  .         Spirit   .     (cloak currently unavailable)
rCorr  .         Warding  .     (gloves currently unavailable)
rMut   .         NoTele   +     (boots currently unavailable)
MR     .....                    (no amulet)
Stlth  +++.......               (no ring)
                                n - +2 ring of dexterity

@: mighty, agile, lethally poisoned (0 -> -6), tree-form, not resistant to
hostile enchantments, fairly stealthy
A: (hooves 0), (slimy green scales 0)
a: no special abilities


You were on level 8 of the Dungeon.
You were not hungry.
You were a tree.
You visited 2 branches of the dungeon, and saw 9 of its levels.
You also visited: Ossuary.

You collected 227 gold pieces.

Inventory:

Hand Weapons
 a - a +0 trident
 o - a +5 quarterstaff of chaos (weapon)
 q - a +0 blowgun
Missiles
 r - 9 poisoned needles
Armour
 c - a +0 helmet (melded)
 i - a +0 ring mail
 p - a +0 cloak (melded)
 y - a +0 plate armour (melded)
Jewellery
 n - a +2 ring of dexterity (left branch)
Wands
 d - a wand of teleportation (6)
 u - a wand of frost (23)
 v - a wand of fireball (0)
Scrolls
 g - 2 scrolls of remove curse
 k - a scroll of identify
 l - a scroll of enchant weapon
 t - a scroll of fog
 x - a scroll of immolation
Potions
 h - 2 potions of cure mutation
Comestibles
 b - 3 meat rations
 e - 2 bread rations
 j - a chunk of flesh
 m - a slice of pizza
 z - 6 mutagenic chunks of flesh


   Skills:
 + Level 5.9 Fighting
 - Level 3.7(5.8) Polearms
 * Level 6.8(7.3) Staves
 - Level 1.7 Throwing
 + Level 5.8 Dodging


You had 7 spell levels left.
You didn't know any spells.

Dungeon Overview and Level Annotations

Branches:
Dungeon (8/15)             Temple (1/1) D:5
   Lair: D:8-11

Altars:
Ashenzari
Dithmenos
Elyvilon
Gozag
Nemelex Xobeh
Okawaru
Qazlal
Vehumet
Xom
Zin
The Shining One

Annotations:
D:5 4thArraOfDagon's ghost, amateur DsGl
D:8 Erica; Erolcha; Grum


Innate Abilities, Weirdness & Mutations

((You have hoof-like feet.))
((You are mostly covered in slimy green scales (AC +3).))


Message History

Unknown command.
Unknown command.
Unknown command.
Unknown command.
You sock something!
* * * LOW HITPOINT WARNING * * *
You feel sick.
Unknown command.
Unknown command.
Unknown command.
Unknown command.
You miss something.
* * * LOW HITPOINT WARNING * * *
You feel sick. Something hits you but does no damage.
Unknown command.
Unknown command.
Unknown command.
Unknown command.
You sock something! You burn something.
You die...

##########
#........#
#........# ##
##..?.....######
..
.......<...h†♣.#
..
..........####.#
..
.............).#
..
...........#####
.. .....g.....#
.. ....######.#
.. ...> .. .#
#.g ... .. ..
...#


You could see a wolf.

Vanquished Creatures
  A komodo dragon (D:7)
  A wolf (D:8)
  An orc warrior (D:7)
  A sky beast (D:7)
  A centaur (D:7)
  An ogre (D:7)
  An elf zombie (Ossuary)
  2 giant frogs
  2 scorpions
  4 wights (D:7)
  3 human zombies (Ossuary)
  Crazy Yiuf (D:2)
  An iguana (D:5)
  A crimson imp (D:5)
  2 hounds
  2 orc wizards (D:6)
  Jessica (D:2)
  A centaur skeleton (D:6)
  An orc priest (D:6)
  2 big kobold zombies (Ossuary)
  2 mummies (Ossuary)
  4 gnolls (D:3)
  6 adders
  2 shadow imps
  An ooze (D:3)
  An adder zombie (Ossuary)
  7 giant geckos
  6 orcs
  3 giant cockroaches
  8 goblins
  3 hobgoblins
  2 jackals (D:3)
  4 kobolds
  A bat (D:2)
  4 giant newts
  A goblin zombie (Ossuary)
  8 hobgoblin zombies (Ossuary)
  A jackal zombie (Ossuary)
  10 kobold zombies (Ossuary)
  10 orc zombies (Ossuary)
  2 quokkas
  A quokka skeleton (D:6)
  A rat (D:1)
  A rat zombie (Ossuary)
119 creatures vanquished.

Notes
Turn   | Place    | Note
--------------------------------------------------------------
     0 | D:1      | 4thArraOfDagon the Demonspawn Gladiator began the quest for the Orb.
     0 | D:1      | Reached XP level 1. HP: 16/16 MP: 1/1
    72 | D:1      | Reached skill level 3 in Polearms
   114 | D:1      | Gained mutation: You have large cloven feet. [demonic ancestry]
   114 | D:1      | Reached XP level 2. HP: 22/22 MP: 2/2
   311 | D:2      | Noticed Jessica
   318 | D:2      | Killed Jessica
   318 | D:2      | Gained mutation: You are partially covered in slimy green scales (AC +2). [demonic ancestry]
   318 | D:2      | Reached XP level 3. HP: 20/28 MP: 3/3
   349 | D:2      | Noticed Crazy Yiuf
   363 | D:2      | Killed Crazy Yiuf
   363 | D:2      | Reached XP level 4. HP: 25/34 MP: 4/4
   391 | D:2      | Found a shimmering altar of Xom.
   402 | D:2      | Found a stormy altar of Qazlal.
   720 | D:3      | Reached skill level 1 in Staves
   734 | D:3      | Reached XP level 5. HP: 16/41 MP: 5/5
   784 | D:5      | Entered Level 5 of the Dungeon
   786 | D:5      | Noticed 4thArraOfDagon's ghost (amateur DsGl)
   860 | D:5      | Found a staircase to the Ecumenical Temple.
   873 | Temple   | Entered the Ecumenical Temple
  1017 | D:5      | Found a sand-covered staircase.
  1022 | Ossuary  | Entered an ossuary
  1130 | Ossuary  | Reached XP level 6. HP: 33/47 MP: 6/6
  1160 | Ossuary  | Reached skill level 4 in Dodging
  1404 | D:5      | Found a shadowy altar of Dithmenos.
  1550 | D:6      | Gained mutation: You have hoof-like feet. [demonic ancestry]
  1550 | D:6      | Reached XP level 7. HP: 43/54 MP: 7/7
  1702 | D:7      | Noticed a komodo dragon
  1716 | D:7      | Killed a komodo dragon
  1749 | D:7      | Reached skill level 5 in Staves
  1802 | D:7      | Noticed a hill giant
  1979 | D:8      | Noticed Erica
  2001 | D:7      | Gained mutation: You are mostly covered in slimy green scales (AC +3). [demonic ancestry]
  2001 | D:7      | Reached XP level 8. HP: 36/61 MP: 8/8
  2059 | D:7      | Reached skill level 5 in Fighting
  2059 | D:7      | Reached skill level 5 in Dodging
  2161 | D:8      | Reached skill level 6 in Staves
  2173 | D:8      | Noticed Erolcha
  2380 | D:8      | Noticed Grum
  2396 | D:8      | HP: 3/96 [something (2)]
  2398 | D:8      | HP: 1/96 [poisoned by Erica (bolt of poison)]
  2400 | D:8      | Succumbed to Erica's bolt of poison

Vault maps used:
D:1:      dpeg_arrival_solitude, minmay_misc_feat_doors, due_unseen_surprise
D:2:      minitemple, uniq_crazy_yiuf_cottage, uniq_jessica
D:4:      lemuel_doored_altar, kennysheep_generic_room_13
D:5:      bloody_trog, grunt_dithmenos_smoke_and_mirrors,
          minmay_temple_entry_statues_pillars, enter_ossuary_2, first_bread,
          minmay_lizard_king
D:6:      cheibrodos_worm_habitat, fedhas_altar_3
D:7:      kennysheep_little_box, nicolae_ru_path_of_blood,
          lightli_corner_chamber
D:8:      uniq_erica, uniq_erolcha, uniq_grum
Temple:   hc_temple_tempest_star
Ossuary:  ossuary_tomb_1

Action                   |  1- 3 |  4- 6 |  7- 9 || total
-------------------------+-------+-------+-------++-------
Melee: Trident           |    43 |       |       ||    43
       Quarterstaff      |       |   223 |   126 ||   349
Throw: Throwing net      |     1 |     2 |     2 ||     5
Evoke: Wand              |       |       |     2 ||     2
  Use: Scroll            |       |     6 |     4 ||    10
       Potion            |       |     4 |    10 ||    14
 Stab: Held in net/web   |     1 |       |     1 ||     2
       Confused          |       |     1 |       ||     1
       Paralysed         |       |     5 |     2 ||     7
       Petrifying        |       |     1 |       ||     1
       Petrified         |       |     1 |       ||     1
  Eat: Meat ration       |       |     1 |       ||     1
       Chunk             |       |       |     1 ||     1
